 Dungeon Crawl Stone Soup version 0.27.0-1-g7a089689b8 (webtiles) character file.

Game seed: 8660072495885210532

1 Descartes the Sneak (level 1, -2/7 HPs)
             Began as a Felid Wanderer on Aug 14, 2021.
             Slain by a kobold (5 damage)
             ... on level 1 of the Dungeon.
             The game lasted 00:00:51 (90 turns).

Descartes the Sneak (Felid Wanderer)                  Turns: 90, Time: 00:00:52

Health: -2/7       AC:  1    Str:  9    XL:     1   Next: 16%
Magic:  1/3        EV: 15    Int: 12    God:
Gold:   0          SH:  0    Dex: 15    Spells: 1/2 levels left
                                        Lives:  0   Deaths: 0

rFire    . . .     SeeInvis +   (weapon unavailable)
rCold    . . .     Faith    .   (shield unavailable)
rNeg     . . .     Spirit   .   (armour unavailable)
rPois    .         Reflect  .   (helmet unavailable)
rElec    .         Harm     .   (cloak unavailable)
rCorr    .         Rampage  .   (gloves unavailable)
Will     .....                  (boots unavailable)
Stlth    ++........             (no amulet)
HPRegen  0.02/turn              (no ring)
MPRegen  0.08/turn              (no ring)

@: quick
A: very small, claws 1, fangs 3, see invisible, speed 1, shaggy fur 1, stealthy
paws, no weapons or thrown items, no armour, multi-lived
a: no special abilities


You were on level 1 of the Dungeon.
You visited 1 branch of the dungeon, and saw 1 of its levels.

Inventory:

Scrolls
 c - a scroll of magic mapping {unknown}
Potions
 a - a potion of lignification
 b - a potion of curing {unknown}


   Skills:
 + Level 0.2 Dodging
 + Level 2.7 Stealth
 + Level 0.1 Unarmed Combat
 - Level 1.0 Spellcasting
 - Level 1.7 Conjurations
 - Level 2.0 Summonings
 - Level 1.5 Translocations
 - Level 1.7 Poison Magic


You had one spell level left.
You knew the following spells:

 Your Spells              Type           Power      Damage    Failure   Level
a - Magic Dart            Conj           16%        1d3       14%         1

Your spell library contained the following spells:

 Spells                   Type           Power      Damage    Failure   Level
 Sting                    Tmut/Pois      8%         1d3       22%         1
 Call Imp                 Summ           5%         N/A       21%         2
 Blink                    Tloc           N/A        N/A       24%         2
 Slow                     Hex            0%         N/A       41%         2
 Mephitic Cloud           Conj/Pois/Air  3%         N/A       50%         3
 Conjure Flame            Conj/Fire      2%         6-21      54%         3
 Ignite Poison            Fire/Tmut/Pois 2%         N/A       56%         3


Dungeon Overview and Level Annotations

Branches:
Dungeon (1/15)

Altars:


Innate Abilities, Weirdness & Mutations

You have sharp claws.
You have razor-sharp teeth.
You have supernaturally acute eyesight. (SInv)
You cover ground quickly. (Speed+)
You are covered in fur. (AC +1)
Your paws help you pounce on unaware monsters.
You are incapable of wielding weapons or throwing items.
You cannot wear armour.
You gain extra lives every three experience levels.


Message History

Nothing appears to happen.
Your magical contamination has completely faded away.
You scratch the giant cockroach.
The giant cockroach is heavily wounded.
The giant cockroach misses you.
You scratch the giant cockroach but do no damage.
The giant cockroach is heavily wounded.
The giant cockroach closely misses you.
You scratch the giant cockroach but do no damage.
You bite the giant cockroach.
The giant cockroach is severely wounded.
The giant cockroach misses you.
You scratch the giant cockroach.
You kill the giant cockroach!
The kobold shouts!
Casting: Magic Dart (safe; 14% risk of failure)
Confirm with . or Enter, or press ? or * to list all spells.
Aiming: Magic Dart (safe; 14% risk of failure)
Press: ? - help, Shift-Dir - straight line, f - kobold
Aim: a kobold, wielding a +0 whip (100% to hit)
The magic dart hits the kobold but does no damage.
Casting: Magic Dart (safe; 14% risk of failure)
Confirm with . or Enter, or press ? or * to list all spells.
Aiming: Magic Dart (safe; 14% risk of failure)
Press: ? - help, Shift-Dir - straight line, f/p - kobold
Aim: a kobold, wielding a +0 whip (100% to hit)
The magic dart hits the kobold but does no damage.
You enter the shallow water.
Moving in this stuff is going to be slow.
Casting: Magic Dart (safe; 14% risk of failure)
Confirm with . or Enter, or press ? or * to list all spells.
Aiming: Magic Dart (safe; 14% risk of failure)
Press: ? - help, Shift-Dir - straight line, f/p - kobold
Aim: a kobold, wielding a +0 whip (100% to hit)
The magic dart hits the kobold but does no damage.
You miss the kobold. The kobold barely misses you.
You closely miss the kobold. Your bite misses the kobold.
The kobold hits you with a +0 whip.
Ouch! That really hurt!
You die...

#.....#####.
#.......#... #....#.#.
#......## ###...#####
#.......# # ##.......#
#.###########........#
#.#.#.#@#.#.#.#....###
#..#.#K#.#.#.#.....#
##.#.#.≈≈≈≈≈.#.#.####
#...#.#≈.<.≈#.#...####
#.#.≈...≈.#.#.....+
#...#.#≈...≈#.#...####
##.#.#.≈≈≈≈≈.#.#.##
##.#.#.#.#.#.#..#
##.#.#.#.#.#.#.#


You could see a kobold.

Vanquished Creatures
  A giant cockroach (D:1)
1 creature vanquished.

Notes
Turn   | Place    | Note
-------+----------+-------------------------------------------
     0 | D:1      | Descartes the Felid Wanderer began the quest for the Orb.
     0 | D:1      | Descartes set off with the following items: a potion of
                  | lignification; and the following spells available to
                  | memorise: Magic Dart, Call Imp, Sting, Blink, Slow,
                  | Mephitic Cloud, Conjure Flame, Ignite Poison
     0 | D:1      | Reached XP level 1. HP: 7/7 MP: 3/3
     2 | D:1      | Learned a level 1 spell: Magic Dart
    90 | D:1      | Slain by a kobold

Illustrated notes

Levels and vault maps discovered:
D:1:      ncdulo_watergridlock, layout_loops_corners, serial_shops,
          nicolae_shop_window_shopping, minmay_lizard_pond

Action                   || total
-------------------------++-------
Melee: Unarmed           ||     7
       Bite              ||     1
 Cast: Magic Dart        ||     3
Dodge: Dodged            ||     5
